 Dungeon Crawl Stone Soup version 0.29.1-12-g30fa7ad0bf (webtiles) character file.

Game seed: 12831717510264990248

66 hawla the Firebug (level 4, -9/33 HPs)
             Began as a Meteoran Fire Elementalist on Jan 10, 2023.
             Was an Initiate of Vehumet.
             Mangled by an ice beast (13 damage)
             ... on level 6 of the Dungeon.
             The game lasted 00:02:32 (315 turns).

hawla the Firebug (Meteoran Fire Elementalist)       Turns: 315, Time: 00:02:34

Health: -9/33      AC:  3    Str: 10    XL:     4   Next: 63%
Magic:  12/19      EV: 12    Int: 18    God:    Vehumet [......]
Gold:   68         SH:  0    Dex: 14    Spells: 3/10 levels left

rFire   . . .      SeeInvis .   (no weapon)
rCold   . . .      Faith    .   (no shield)
rNeg    . . .      Spirit   .   a - +0 robe
rPois   .          Reflect  .   (no helmet)
rElec   .          Harm     .   e - +0 cloak
rCorr   .          Rampage  .   (no gloves)
Will    .....                   (no boots)
Stlth   +.........              (no amulet)
HPRegen 0.11/turn               g - ring of magical power
MPRegen 0.16/turn               (no ring)

@: very slightly contaminated, glowing
A: sense surroundings 1, otherworldly, glowing, explore regen
a: Renounce Religion


You were on level 6 of the Dungeon.
You worshipped Vehumet.
Vehumet was noncommittal.
You visited 1 branch of the dungeon, and saw 6 of its levels.

You collected 68 gold pieces.

Inventory:

Armour
 a - a +0 robe (worn)
 e - a +0 cloak (worn)
Jewellery
 g - a ring of magical power (left hand)
Scrolls
 b - a scroll of teleportation {unknown}
 f - a scroll of identify {unknown}


   Skills:
 - Level 2.6 Dodging
 - Level 1.4 Stealth
 - Level 3.6 Spellcasting
 + Level 2.4 Conjurations
 - Level 4.7 Fire Magic


You had 3 spell levels left.
You knew the following spells:

 Your Spells              Type           Power      Damage    Failure   Level
a - Foxfire               Conj/Fire      64%        2x1d7     3%          1
b - Scorch                Fire           40%        2d7       3%          2
c - Flame Wave            Conj/Fire      16%        2d7       34%         4

Your spell library contained the following spells:

 Spells                   Type           Power      Damage    Failure   Level
 Conjure Flame            Conj/Fire      16%        6-21      11%         3
 Inner Flame              Hex/Fire       11%        N/A       17%         3


Dungeon Overview and Level Annotations

Branches:
Dungeon (6/15) Zot: 3285   Temple (0/1) D:6

Altars:
Vehumet


Innate Abilities, Weirdness & Mutations

You passively map a small area around you.
You are easily found by Zot.
You glow in the dark.
You regain HP and MP as you explore.


Message History

Beogh smites you!
You hear a shout!
Casting: Scorch (safe; 3% risk of failure)
Confirm with . or Enter, or press ? or * to list all spells.
You miscast Foxfire.
You are very lightly contaminated with residual magic.
Nothing appears to happen.
An orc comes into view. It is wielding a +0 mace.
Unknown command.
Casting: Foxfire (safe; 3% risk of failure)
Confirm with . or Enter, or press ? or * to list all spells.
You conjure some foxfire!
Casting: Foxfire (safe; 3% risk of failure)
Confirm with . or Enter, or press ? or * to list all spells.
Flames lash the orc.
You kill the orc!
Vehumet accepts your kill.
You hear a shout!
The foxfire hits the ice beast but does no damage. x2
An orc comes into view. It is wielding a +0 dagger.
Casting: Scorch (safe; 3% risk of failure)
Confirm with . or Enter, or press ? or * to list all spells.
The spell is extremely dangerous to miscast (34% risk of failure)!
Continue anyway?
Casting: Flame Wave (extremely dangerous; 34% risk of failure)
Press: ? - help, Dir - look around, f - activate You miscast Flame Wave.
The air around you burns with energy.
The orc priest mumbles some strange prayers to Beogh against you.
Beogh smites you!
* * * LOW HITPOINT WARNING * * *
The ice beast hits you but does no damage.
It was a potion of curing.
You feel better.
The ice beast hits you but does no damage.
The orc barely misses you.
As you read the scroll labelled DATOUM YRCHIEGA, it crumbles to dust.
You feel aware of your surroundings.
It was a scroll of magic mapping.
The orc priest begins to cast a cantrip, but forgets the words!
The ice beast hits you.
* * * LOW HITPOINT WARNING * * *
The ice beast freezes you!
You die...

#.....# *,,,,,,,,,,,* #.###.#
*,**#,********* **###*#.# *,,.#,*
*****, *****,,,,,#.#########.#,*
*,,,,, ,,,**,***,#...........#,*
*,***, ,,,+,,**#,#####.....###,*
*,***,
,,,****,...,,*#.......#,****,,,*,
,,,,,,*,#....##Y#...#.#.,,,,,,,*,
,,,,,,,,....oooo@.......,,,,,,,,,
,,,,*,*,#...........#.##***,,,,,,
,,,,*,*,#.########..#,.,,,*,*****
,,,,,<,,,,,,*,* *,..#****,*,*,,,,
,,,,,,***,*,*,***,,...,**,*,**,**
,,,,,,+,*,*,*,,,,,*###.**,*,**,*,
*,*,,,*,,,*,*,,,,,,,,,,.,,*,,,,,,
,,***,**,,,,**********,*******,**
,,,,,,***,,,,,,,,,,,,,,* *,,,


You could see an ice beast, an orc priest and 3 orcs.

Vanquished Creatures
  An iguana (D:3)
  2 adders
  2 dart slugs (D:3)
  2 orcs
  3 ball pythons (D:3)
  An endoplasm (D:1)
  A giant cockroach (D:3)
  2 goblins
  A quokka (D:3)
  A bat (D:3)
  3 frilled lizards (D:1)
19 creatures vanquished.

Vanquished Creatures (others)
  31 foxfires
31 creatures vanquished.

Grand Total: 50 creatures vanquished

Notes
Turn   | Place    | Note
-------+----------+-------------------------------------------
     0 | D:1      | hawla the Meteoran Fire Elementalist began the quest for
                  | the Orb.
     0 | D:1      | Reached XP level 1. HP: 14/14 MP: 5/5
    75 | D:1      | Reached skill level 4 in Fire Magic
    75 | D:1      | Reached XP level 2. HP: 20/20 MP: 3/6
    94 | D:1      | Learned a level 2 spell: Scorch
   110 | D:2      | Identified the +1 hand axe of Ewiteohu {flame, rElec Int+2
                  | Dex-3}
   136 | D:3      | Reached XP level 3. HP: 21/26 MP: 0/8
   144 | D:3      | Reached XP level 4. HP: 14/33 MP: 0/10
   150 | D:3      | Learned a level 4 spell: Flame Wave
   184 | D:3      | Found a radiant altar of Vehumet.
   192 | D:3      | Became a worshipper of Vehumet
   239 | D:5      | Entered Level 5 of the Dungeon
   307 | D:6      | Noticed an ice beast
   315 | D:6      | Mangled by an ice beast

Illustrated notes

Levels and vault maps discovered:
D:1:      amcnicky_arrival_underground_garden, layout_rooms, serial_bayou_lake_a
D:2:      layout_basic, shapermc_ecumenical_altar_flowoftime, uniq_sigmund
D:3:      layout_rooms, vehumet_crystals
D:4:      layout_basic, mainiacjoe_overflow_concentric_impassable,
          nzn_wu_jian_contemplation, uniq_menkaure
D:5:      layout_loops_ring, minmay_misc_feat_tiny
D:6:      layout_basic, minmay_temple_entry_statues_fountains,
          lemuel_flamethrower_2, uniq_duvessa

Skill      XL: |  1  2  3  4 |
---------------+-------------+-----
Fire Magic     | 4 |  4.7
Spellcasting   | 3 |  3.6
Conjurations   | 2 |  2.4
Dodging        | |  2.6
Stealth        | |  1.4

Action                   |  1- 3 |  4- 6 || total
-------------------------+-------+-------++-------
Melee: Unarmed           |     4 |     1 ||     5
       Punch             |     1 |       ||     1
 Cast: Foxfire           |    14 |     5 ||    19
       Scorch            |     4 |     3 ||     7
  Use: Potion            |     1 |     1 ||     2
       Scroll            |       |     1 ||     1
Armor: Robe              |     3 |     3 ||     6
Dodge: Dodged            |     7 |     1 ||     8
